 Dungeon Crawl Stone Soup version 0.25-a0-1056-g2efb326896 (webtiles) character file.

Game seed: 12033457779236045883, levelgen mode: classic

18848 Amnesiac the Markself (level 12, -10/105 HPs)
             Began as a Deep Elf Fighter on May 13, 2020.
             Was a High Priest of Okawaru.
             Mangled by a two-headed ogre
             ... wielding a +0 giant club of flaming
              (11 damage)
             ... in a volcano.
             The game lasted 00:57:51 (14518 turns).

Amnesiac the Markself (Deep Elf Fighter)           Turns: 14518, Time: 00:57:52

Health: -10/105    AC: 26    Str: 17    XL:     12   Next: 31%
Magic:  20/20      EV:  2    Int: 15    God:    Okawaru [*****.]
Gold:   908        SH:  0    Dex: 14    Spells: 1/11 levels left

rFire    . . .     SeeInvis .   b - +0 short sword (elec)
rCold    . . .     Gourm    .   (no shield)
rNeg     + + +     Faith    .   (armour currently unavailable)
rPois    +         Spirit   .   (helmet currently unavailable)
rElec    .         Reflect  .   (cloak currently unavailable)
rCorr    .         Harm     .   (gloves currently unavailable)
MR       ++...     NoTele   +   (boots currently unavailable)
Stlth    ++........             O - amulet of regeneration
HPRegen  0.67/turn              r - ring of stealth
MPRegen  0.17/turn              K - ring of protection from magic

@: tree-form, berserk cooldown, slowed, very slow
A: no striking features
a: Heroism, Finesse, Renounce Religion


You were in a volcano.
You worshipped Okawaru.
Okawaru was extremely pleased with you.
You were very hungry.
You were a tree.
You visited 3 branches of the dungeon, and saw 15 of its levels.
You also visited: Ossuary and Volcano.

You collected 908 gold pieces.

Inventory:

Hand Weapons
 a - a +1 shortbow of flaming
 b - a +0 short sword of electrocution (weapon)
 c - a +1 shortbow
 q - a +0 war axe
Missiles
 g - 254 arrows
Armour
 l - +0 fire dragon scales
 v - a +0 troll leather armour
 w - a +3 leather armour of poison resistance
 y - a +0 pair of boots (melded)
 R - a scarf of resistance (melded)
 U - a +1 pair of gloves of strength (melded)
 W - the +1 ring mail of Pupoleak (melded) {rC+ rN+ Regen+ Int-4}
   (You found it on level 12 of the Dungeon)

   It affects your intelligence (-4).
   It protects you from cold.
   It protects you from negative energy.
   It increases your rate of regeneration.
Jewellery
 j - an uncursed ring of teleportation
 r - a ring of stealth (left branch)
 K - a ring of protection from magic (right branch)
 O - an amulet of regeneration (around neck)
 V - an uncursed ring of ice
Wands
 x - a wand of random effects (21)
 M - a wand of flame (38)
Scrolls
 e - 4 scrolls of remove curse {!r}
 k - a scroll of enchant weapon {!r}
 C - 4 scrolls of teleportation {!r}
 F - a scroll of magic mapping {!r}
 G - 3 scrolls of enchant armour {!r}
 J - a scroll of fear {!r}
 N - a scroll of vulnerability {!r}
 Q - 2 scrolls of fog {!r, unknown}
 S - a scroll of blinking {!r}
Potions
 d - 3 potions of might {!q}
 o - 4 potions of mutation {!q}
 t - 3 potions of flight {!q}
 u - 2 potions of stabbing {!q}
 z - 5 potions of curing {!q}
 D - 2 potions of resistance {!q}
 E - 2 potions of lignification {!q}
 H - a potion of cancellation {!q}
 I - a potion of ambrosia {!q}
 L - a potion of berserk rage {!q}
 T - a potion of brilliance {!q}
Comestibles
 f - 32 rations


   Skills:
 * Level 6.2 Fighting
 - Level 2.0 Short Blades
 - Level 2.0 Axes
 + Level 15.2 Bows
 * Level 6.2 Armour
 + Level 6.1 Dodging
   Level 2.4 Shields
 - Level 8.0 Invocations
 + Level 5.2 Evocations


You had one spell level left.
You knew the following spells:

 Your Spells              Type           Power        Failure   Level  Hunger
a - Poisonous Vapours     Pois/Air       #.....       38%         2    ###....
e - Mephitic Cloud        Conj/Pois/Air  #.......     63%         3    ####...
s - Conjure Flame         Conj/Fire      #.......     63%         3    ####...
z - Swiftness             Chrm/Air       #.......     38%         2    ###....

Your spell library contained the following spells:

 Spells                   Type           Power        Failure   Level  Hunger
 Confusing Touch          Hex            #.......     63%         3    ####...
 Gell's Gravitas          Tloc           #.........   63%         3    ####...
 Airstrike                Air            #.........   95%         4    #####..
 Petrify                  Tmut/Erth      #.......     95%         4    #####..
 Metabolic Englaciation   Hex/Ice        #.........   100%        5    ######.
 Silence                  Hex/Air        #.........   100%        5    ######.
 Yara's Violent Unravell  Hex/Tmut       #.........   100%        5    ######.
 Freezing Cloud           Conj/Ice/Air   #.........   100%        6    #######
 Ring of Flames           Chrm/Fire      #.........   100%        7    #######
 Tornado                  Air            #.........   100%        9    #######


Dungeon Overview and Level Annotations

Branches:
Dungeon (12/15)            Temple (1/1) D:5            Lair (0/6) D:8
    Orc (2/2) D:11            Elf (0/3) Orc:2       Ossuary (visited)
Volcano (1/1)

Altars:
Ashenzari
Cheibriados
Dithmenos
Elyvilon
Fedhas
Hepliaklqana
Kikubaaqudgha
Makhleb
Nemelex Xobeh
Okawaru
Qazlal
Ru
Sif Muna
Trog
Uskayaw
Wu Jian
Xom
Yredelemnul
Zin
The Shining One
Lugonu

Shops:
D:11 *   Orc:2 [:

Annotations:
D:8 exclusion: downstairs
D:9 Erica


Message History

You need to enable at least one skill for training.
Unknown command.
Okay, then.
Okay, then.
Unknown command.
Unknown command.
You barely miss the salamander.
The salamander is lightly wounded.
You puncture the salamander!
Lightning courses through the salamander!
The salamander is heavily wounded.
The salamander closely misses you.
You hit the salamander.
The salamander is heavily wounded.
The salamander closely misses you.
You hit the salamander.
The salamander is severely wounded.
You hit the salamander.
Lightning courses through the salamander!
The salamander is almost dead.
You feel like a meek peon again.
The salamander hits you but does no damage.
You hit the salamander but do no damage.
The salamander is almost dead.
You hit the salamander.
Lightning courses through the salamander!
You kill the salamander!
Okawaru accepts your kill. Something appears at your feet!
Okawaru grants you ammunition!
You are too berserk!
There is nothing on the other side of the stone arch.
You are no longer berserk.
You are exhausted.
You feel yourself slow down.
There is a rocky tunnel leading out of this place, spattered with blood here.
Items here: ( ))) a +0 shortbow of flaming; 20 arrows; a +1 great mace of flaming a +0 giant club of flaming Really quaff
E - 3 potions of lignification {!q}?
Really quaff the potion of lignification?
You turn into a tree.
You feel hot and cold all over.
You feel weaker.
Your roots penetrate the ground.
The two-headed ogre hits you with a +0 giant club of flaming.
* * * LOW HITPOINT WARNING * * *
The two-headed ogre burns you.
* * * LOW HITPOINT WARNING * * *
The two-headed ogre hits you with a +0 giant club of flaming!
* * * LOW HITPOINT WARNING * * *
The two-headed ogre burns you.
* * * LOW HITPOINT WARNING * * *
Okay, then.
Evoke which item? (* to show all) (? for menu, Esc to quit)
Aiming: Random Effects
Press: ? - help, Shift-Dir - straight line, f - two-headed ogre
Aim: a two-headed ogre, wielding two +0 giant clubs of flaming (moderately wounded)
The two-headed ogre appears confused.
The two-headed ogre hits you with a +0 giant club of flaming!
* * * LOW HITPOINT WARNING * * *
The two-headed ogre burns you.
* * * LOW HITPOINT WARNING * * *
The two-headed ogre hits you with a +0 giant club of flaming!
You die...

≈≈≈≈≈≈≈ ≈≈≈≈≈≈≈
#### ≈≈≈≈≈≈≈
#(♣## ≈≈≈≈≈≈≈
####O#
≈≈≈≈≈≈≈##NO.##
≈≈≈≈≈≈≈#.######≈§
≈≈≈≈≈≈≈.N......≈≈
≈≈≈≈≈≈≈O.......≈≈
≈≈≈≈≈≈≈..####...≈
≈≈≈≈≈≈†.## .≈§
≈≈≈≈≈≈≈.# ≈


You could see a two-headed ogre (confused).

Vanquished Creatures
  4 two-headed ogres
  A tengu warrior (D:11)
  An unseen horror (D:10)
  A salamander (Volcano)
  2 cyclopes
  A gargoyle (D:12)
  3 kobold demonologists (D:10)
  A komodo dragon (D:12)
  3 trolls
  A wolf spider simulacrum (D:12)
  3 hippogriffs
  7 slime creatures
  Grinder (D:3)
  2 wraiths (D:10)
  Grum (D:11)
  4 yaks (D:9)
  3 hungry ghosts
  2 wargs
  A soldier ant (D:12)
  A water moccasin (D:12)
  Duvessa (D:3)
  3 hell hounds (Volcano)
  A hornet zombie (D:10)
  An ice beast (D:8)
  6 orc warriors
  4 sky beasts
  An eye of draining (D:10)
  4 necrophages
  3 phantoms
  4 wolves
  8 ogres
  8 centaurs
  6 elf zombies (Ossuary)
  3 bullfrogs (D:9)
  3 big kobolds
  Dowan (D:3)
  4 scorpions
  15 killer bees
  A bullfrog zombie (D:6)
  5 howler monkeys
  4 jellies
  6 crimson imps
  5 human zombies (Ossuary)
  2 centaur zombies
  8 hounds
  2 gnoll shamans (D:5)
  4 orc priests
  2 bullfrog skeletons
  3 orc wizards
  5 iguanas
  12 worker ants
  A hound skeleton (D:9)
  3 mummies (Ossuary)
  2 worker ant zombies
  12 gnolls
  A howler monkey skeleton (D:11)
  10 adders
  4 shadow imps
  3 oozes
  3 adder zombies
  2 adder skeletons
  2 worms
  2 dart slugs
  4 leopard geckos
  41 orcs
  10 bats
  6 giant cockroaches
  6 goblins
  7 hobgoblins
  7 jackals
  5 quokkas
  A ball python (D:2)
  3 frilled lizards
  A hobgoblin zombie (D:6)
  A jackal zombie (D:8)
  14 kobolds
  A leopard gecko skeleton (D:7)
  A quokka skeleton (D:6)
  4 rats
  A rat zombie (D:6)
336 creatures vanquished.

Vanquished Creatures (collateral kills)
  An orc sorcerer (Orc:1)
  An orc priest (Orc:1)
  An orc (Orc:1)
3 creatures vanquished.

Vanquished Creatures (others)
  An orc (D:9)
  2 fungi (Orc:2)
  A plant (D:10)
4 creatures vanquished.

Grand Total: 343 creatures vanquished

Notes
Turn   | Place    | Note
-------+----------+-------------------------------------------
     0 | D:1      | Amnesiac the Deep Elf Fighter began the quest for the Orb.
     0 | D:1      | Reached XP level 1. HP: 13/13 MP: 3/3
    55 | D:1      | Reached XP level 2. HP: 7/18 MP: 4/4
   315 | D:1      | Reached skill level 1 in Dodging
   427 | D:1      | Reached XP level 3. HP: 21/23 MP: 5/5
  1250 | D:2      | Reached XP level 4. HP: 24/28 MP: 6/6
  1544 | D:3      | Noticed a phantom
  1626 | D:4      | Noticed Duvessa
  1685 | D:4      | Noticed Dowan
  1739 | D:3      | Killed a phantom
  1739 | D:3      | Reached XP level 5. HP: 16/33 MP: 6/9
  1788 | D:3      | Noticed Grinder
  1941 | D:3      | Killed Grinder
  1941 | D:3      | Reached XP level 6. HP: 34/39 MP: 9/11
  2346 | D:4      | Found a sparkling altar of Nemelex Xobeh.
  2651 | D:4      | Reached skill level 1 in Bows
  2889 | D:5      | Entered Level 5 of the Dungeon
  2912 | D:5      | Reached skill level 2 in Bows
  3061 | D:4      | Reached XP level 7. HP: 42/44 MP: 12/12
  3086 | D:4      | Reached skill level 5 in Fighting
  3086 | D:4      | Reached skill level 3 in Bows
  3194 | D:5      | Found a shimmering blue altar of Sif Muna.
  3214 | D:5      | Found a staircase to the Ecumenical Temple.
  3229 | D:5      | Identified the Disquisition on Flight
  3234 | D:5      | Learned a level 2 spell: Swiftness
  3245 | Temple   | Entered the Ecumenical Temple
  3307 | Temple   | Became a worshipper of Warmaster Okawaru
  3383 | D:3      | Killed Dowan
  3386 | D:3      | Killed Duvessa
  3386 | D:3      | Reached skill level 4 in Bows
  4515 | D:5      | Found a shimmering altar of Xom.
  4639 | D:5      | Reached skill level 5 in Bows
  4651 | D:5      | Reached XP level 8. HP: 35/49 MP: 13/13
  5147 | D:5      | Reached skill level 6 in Bows
  5181 | D:5      | Reached * piety under Okawaru
  5560 | D:6      | Reached skill level 5 in Dodging
  5570 | D:6      | Reached skill level 7 in Bows
  5744 | D:6      | Reached ** piety under Okawaru
  5744 | D:6      | Reached skill level 8 in Bows
  5790 | D:6      | Reached XP level 9. HP: 17/54 MP: 14/14
  5798 | D:6      | Found a hide-covered altar of Uskayaw.
  6056 | D:6      | Found a sand-covered staircase.
  6065 | Ossuary  | Entered an ossuary
  6089 | Ossuary  | Reached skill level 9 in Bows
  6597 | D:6      | Reached skill level 10 in Bows
  6829 | D:7      | Reached *** piety under Okawaru
  7004 | D:7      | Found a hide-covered altar of Uskayaw.
  7211 | D:7      | Reached skill level 5 in Armour
  7737 | D:8      | Found a sacrificial altar of Ru.
  8038 | D:8      | Found a staircase to the Lair.
  8291 | D:8      | Reached skill level 11 in Bows
  8598 | D:8      | Reached XP level 10. HP: 56/59 MP: 15/15
  8915 | D:9      | Learned a level 3 spell: Conjure Flame
  8919 | D:9      | Learned a level 3 spell: Mephitic Cloud
  8919 | D:9      | Noticed a two-headed ogre
  9132 | D:9      | Reached **** piety under Okawaru
  9204 | D:9      | Killed a two-headed ogre
  9204 | D:9      | Reached skill level 12 in Bows
  9241 | D:9      | Noticed Erica
  9609 | D:10     | Entered Level 10 of the Dungeon
  9621 | D:10     | Reached skill level 13 in Bows
  9673 | D:10     | Noticed a two-headed ogre
  9690 | D:10     | Killed a two-headed ogre
  9690 | D:10     | Reached ***** piety under Okawaru
  9690 | D:10     | Received a gift from Okawaru
  9825 | D:10     | Found a white marble altar of Elyvilon.
 10042 | D:10     | Noticed a rust devil
 10047 | D:10     | Noticed an orange demon
 10060 | D:10     | Received a gift from Okawaru
 10060 | D:10     | Reached skill level 14 in Bows
 10060 | D:10     | Reached skill level 1 in Invocations
 10093 | D:10     | Found a corrupted altar of Lugonu.
 10109 | D:10     | Noticed a rust devil
 10133 | D:10     | Noticed a smoke demon
 10134 | D:10     | Noticed a rust devil
 10352 | D:10     | Noticed a sixfirhy
 10360 | D:10     | Reached XP level 11. HP: 11/63 MP: 16/16
 10821 | D:9      | Reached skill level 5 in Invocations
 11360 | D:11     | Received a gift from Okawaru
 11522 | D:11     | Noticed Grum
 11748 | D:11     | Killed Grum
 11843 | D:11     | Found a staircase to the Orcish Mines.
 12010 | D:11     | Noticed a tengu warrior
 12021 | D:11     | Killed a tengu warrior
 12021 | D:11     | Received a gift from Okawaru
 12094 | D:11     | Found Mosk's Elemental Accessories.
 12218 | D:10     | Killed an unseen horror
 12627 | D:11     | Reached skill level 15 in Bows
 13514 | D:12     | Reached XP level 12. HP: 41/69 MP: 20/20
 13565 | D:12     | Learned a level 2 spell: Poisonous Vapours
 13623 | D:12     | Got a bloodstained ring mail
 13907 | Orc:1    | Entered Level 1 of the Orcish Mines
 13907 | Orc:1    | Noticed a two-headed ogre
 13974 | D:11     | Killed a two-headed ogre
 14021 | Orc:1    | Reached skill level 5 in Evocations
 14076 | Orc:1    | Identified the +1 ring mail of Pupoleak {rC+ rN+ Regen+
                  | Int-4} (You found it on level 12 of the Dungeon)
 14179 | Orc:2    | Entered Level 2 of the Orcish Mines
 14315 | Orc:2    | Found a staircase to the Elven Halls.
 14321 | Orc:2    | Noticed an orc high priest
 14322 | Orc:2    | Noticed an orc warlord
 14322 | Orc:2    | Found Duugho's Book Shop.
 14322 | Orc:2    | Noticed an orc high priest
 14427 | Orc:2    | Found Foigu's Antique Armour Emporium.
 14447 | Orc:2    | Found a dark tunnel.
 14456 | Volcano  | Entered a volcano
 14470 | Volcano  | Noticed a two-headed ogre
 14478 | Volcano  | Noticed a two-headed ogre
 14508 | Volcano  | Killed a two-headed ogre
 14515 | Volcano  | Received a gift from Okawaru
 14518 | Volcano  | HP: 5/105 [two-headed ogre/+0 giant club of flaming (16)]
 14518 | Volcano  | HP: 1/105 [two-headed ogre/+0 giant club of flaming (4)]
 14518 | Volcano  | Mangled by a two-headed ogre

Illustrated notes

Levels and vault maps discovered:
D:1:      minmay_arrival_five_plusses, layout_loops_ring
D:2:      layout_basic
D:3:      layout_rooms, first_ration, serial_bayou_ford_a, uniq_grinder
D:4:      layout_basic, nemelex_altar_shiori, uniq_duvessa
D:5:      layout_basic, lemuel_coloured_pillars_altar,
          minmay_temple_entry_offerings, basic_altar, serial_rivers,
          chequers_serial_rivers_micro_c, chequers_serial_rivers_micro_c,
          chequers_serial_rivers_large_a, chequers_serial_rivers_micro_c,
          chequers_serial_rivers_micro_d, kennysheep_diamond,
          minmay_divided_ellipse
D:6:      layout_loops_ring, lemuel_crystal_altar, enter_ossuary_3
D:7:      layout_loops_corners, basic_altar
D:8:      layout_loops_corners, lemuel_doored_altar, lair_entry_dummy
D:9:      layout_roguey [special_room_orc], uniq_erica
D:10:     kennysheep_kobold_lugonu_temple, layout_irregular_city, basic_altar
D:11:     layout_irregular_city, minmay_orc_entry_guard_dogs, grunt_tengu_nest,
          nicolae_elemental_shop, uniq_grum
D:12:     layout_gridville, chequers_jeans
Temple:   regret_index_temple_mists
Orc:1:    layout_caves, special_room [special_room_bee]
Orc:2:    grunt_orc_gardens, layout_diamond_mine, grunt_orc_garden,
          grunt_orc_garden, grunt_orc_garden, grunt_orc_garden,
          nicolae_volcano_entry_lava_flow, bh_open_orc_temple
Volcano:  volcano_village

Skill      XL: |  1  2  3  4  5  6  7  8  9 10 11 12 |
---------------+-------------------------------------+-----
Axes           | 2 |  2.0
Dodging        | 1 2 4 5 6 |  6.1
Fighting       | 3 4 5 6 |  6.2
Evocations     | 3 4 5 |  5.2
Bows           | 2 5 8 11 14 15 | 15.2
Armour         | 3 5 6 |  6.2
Invocations    | 4 8 |  8.0
Short Blades   | 2 |  2.0
Shields        | |  2.4

Action                   |  1- 3 |  4- 6 |  7- 9 | 10-12 || total
-------------------------+-------+-------+-------+-------++-------
Melee: War axe           |   127 |   112 |    14 |       ||   253
       Short sword       |       |       |   456 |    40 ||   496
 Fire: Shortbow          |       |       |   264 |   817 ||  1081
Throw: Stone             |       |     8 |       |       ||     8
 Cast: Swiftness         |       |       |       |     1 ||     1
Invok: Heroism           |       |       |       |     1 ||     1
Evoke: Wand              |       |     5 |    18 |    57 ||    80
  Use: Scroll            |       |     1 |     7 |    21 ||    29
       Potion            |       |       |       |     5 ||     5
 Stab: Sleeping          |       |       |     3 |       ||     3
       Petrified         |       |       |       |     2 ||     2
  Eat: Chunk             |     1 |     5 |    17 |    10 ||    33
       Ration            |       |       |     1 |     3 ||     4
Armor: Scale mail        |    43 |       |       |       ||    43
       Fire dragon scale |    29 |    97 |   215 |    29 ||   370
       Leather armour    |       |       |    25 |    62 ||    87
       Ring mail         |       |       |       |    11 ||    11
Dodge: Dodged            |    36 |    45 |   214 |   244 ||   539
Block: Kite shield       |    68 |    59 |   158 |       ||   285

Table legend:
 A = Non-vault XP
 B = Vault XP
 C = Vault XP percentage of total XP
 D = Non-vault monster count
 E = Vault monster count
 F = Vault count percentage of total count
                 A         B        C        D         E       F
            +---------+---------+-------+---------+---------+-------
      Total |   19770 |    7157 |  26.6 |     270 |      70 |  20.6
            +---------+---------+-------+---------+---------+-------
        D:1 |      62 |       0 |   0.0 |      25 |       0 |   0.0
        D:2 |     113 |       0 |   0.0 |      24 |       0 |   0.0
        D:3 |     128 |     467 |  78.5 |       5 |       3 |  37.5
        D:4 |     131 |     116 |  47.0 |       5 |       1 |  16.7
        D:5 |     494 |     321 |  39.4 |      28 |       7 |  20.0
        D:6 |    1301 |       2 |   0.2 |      30 |       2 |   6.2
        D:7 |     670 |       0 |   0.0 |      15 |       0 |   0.0
        D:8 |     889 |       0 |   0.0 |      26 |       0 |   0.0
        D:9 |    3055 |     492 |  13.9 |      27 |      26 |  49.1
       D:10 |    3482 |    1439 |  29.2 |      25 |       5 |  16.7
       D:11 |    3616 |    1602 |  30.7 |      20 |       6 |  23.1
       D:12 |    4630 |       0 |   0.0 |      34 |       0 |   0.0
      Orc:1 |    1199 |       0 |   0.0 |       6 |       0 |   0.0
    Ossuary |       0 |     878 | 100.0 |       0 |      15 | 100.0
    Volcano |       0 |    1840 | 100.0 |       0 |       5 | 100.0
            +---------+---------+-------+---------+---------+-------
